 Dungeon Crawl Stone Soup version 0.27-a0-978-g2aa4ecdaef (webtiles) character file.

Game seed: 8843130689621046272

8943 tardwrangler69 the Frost Mage (level 11, -18/89 HPs)
             Began as a White Draconian Ice Elementalist on Apr 14, 2021.
             Was a Priest of Vehumet.
             Demolished by a two-headed ogre
             ... wielding a +0 giant club
              (30 damage)
             ... on level 11 of the Dungeon.
             The game lasted 00:19:38 (11283 turns).

tardwrangler69 the Frost Mage (DrIE)               Turns: 11283, Time: 00:19:38

Health: -18/89     AC: 16    Str: 14    XL:     11   Next: 16%
Magic:  11/20      EV: 15    Int: 19    God:    Vehumet [***...]
Gold:   460        SH:  0    Dex: 11    Spells: 11/22 levels left

rFire    . . .     SeeInvis .   s - +9 fustibalus of Jiqadyeq {venom, Str+3}
rCold    + . .     Faith    .   (no shield)
rNeg     . . .     Spirit   .   (armour unavailable)
rPois    .         Reflect  .   (helmet restricted)
rElec    .         Harm     .   (no cloak)
rCorr    +         Rampage  .   (no gloves)
Will     .....                  e - +0 pair of boots
Stlth    ++........             q - amulet of regeneration
HPRegen  1.24/turn              p - ring of resist corrosion
MPRegen  0.17/turn              (no ring)

@: ice-armoured, about to teleport, freezing walls, slowed, very slow
A: breathe frost, AC +7, unfitting armour, cold resistance 1, cold-blooded
a: Breathe Frost, Renounce Religion


You were on level 11 of the Dungeon.
You worshipped Vehumet.
Vehumet was most pleased with you.
You visited 2 branches of the dungeon, and saw 13 of its levels.

You collected 535 gold pieces.
You spent 75 gold pieces at shops.

Inventory:

Hand Weapons
 l - a +2 whip of holy wrath
 s - the +9 fustibalus of Jiqadyeq (weapon) {venom, Str+3}
   (You found it on level 4 of the Dungeon)

   It poisons the ammo it fires.
   It affects your strength (+3).
Missiles
 m - 6 curare-tipped darts
 t - 196 stones (quivered ammo)
 u - 16 sling bullets
Armour
 e - a +0 pair of boots (worn)
Jewellery
 p - a ring of resist corrosion (left hand)
 q - an amulet of regeneration (around neck)
 y - a ring of magical power
 A - a ring of willpower
Wands
 r - a wand of charming (10)
 v - a wand of mindburst (7)
 z - a wand of polymorph (11)
 E - a wand of acid (9)
Scrolls
 b - a scroll of enchant weapon
 d - a scroll of enchant armour {unknown}
 f - 3 scrolls of fog
 h - 12 scrolls of identify
 i - 3 scrolls of teleportation
 B - a scroll of blinking {unknown}
 D - a scroll of amnesia {unknown}
Potions
 a - 4 potions of might {unknown}
 c - a potion of lignification {unknown}
 g - 3 potions of curing {unknown}
 j - 2 potions of heal wounds {unknown}
 k - 5 potions of degeneration
 n - 2 potions of attraction {unknown}
 o - 2 potions of mutation {unknown}
 w - a potion of resistance {unknown}
 x - a potion of flight {unknown}


   Skills:
 - Level 6.0 Fighting
 + Level 6.4 Slings
 + Level 8.9 Dodging
 - Level 1.7 Stealth
 - Level 6.0 Spellcasting
 - Level 6.0 Conjurations
 - Level 10.3 Ice Magic


You had 11 spell levels left.
You knew the following spells:

 Your Spells              Type           Power      Damage    Failure   Level
a - Freeze                Ice            100%       1d11      1%          1
b - Frozen Ramparts       Ice            88%        1d10      1%          3
c - Ozocubu's Armour      Ice            44%        N/A       1%          3
d - Hailstorm             Conj/Ice       36%        3d9       1%          4

Your spell library contained the following spells:

 Spells                   Type           Power      Damage    Failure   Level
 Olgreb's Toxic Radiance  Pois           5%         N/A       28%         4
 Magic Dart               Conj           100%       1d8       1%          1
 Conjure Flame            Conj/Fire      17%        6-21      2%          3
 Mephitic Cloud           Conj/Pois/Air  13%        N/A       4%          3
 Inner Flame              Hex/Fire       5%         N/A       9%          3
 Animate Skeleton         Necr           10%        N/A       11%         1
 Corona                   Hex            5%         N/A       11%         1
 Pain                     Necr           20%        1d5       11%         1
 Blink                    Tloc           N/A        N/A       17%         2
 Call Imp                 Summ           5%         N/A       17%         2
 Slow                     Hex            5%         N/A       17%         2
 Portal Projectile        Hex/Tloc       10%        N/A       32%         3
 Vampiric Draining        Necr           2%         2d6       32%         3
 Metabolic Englaciation   Hex/Ice        12%        N/A       36%         5
 Animate Dead             Necr           2%         N/A       73%         4
 Cause Fear               Hex            2%         N/A       73%         4
 Leda's Liquefaction      Hex/Erth       2%         N/A       73%         4
 Agony                    Necr           5%         N/A       97%         5


Dungeon Overview and Level Annotations

Branches:
Dungeon (12/15)            Temple (1/1) D:5
   Lair: D:8-11         Orc: D:9-12

Altars:
Makhleb
Okawaru
Sif Muna
Trog
Vehumet
Wu Jian
Xom
Zin

Shops:
D:3 *   D:5 **=   D:11 (

Annotations:
D:8 Maurice
D:11 Josephine


Innate Abilities, Weirdness & Mutations

You can breathe waves of freezing cold which knock back foes.
Your icy white scales are hard. (AC +7)
You cannot fit into any form of body armour.
Your flesh is cold resistant. (rC+)
You are cold-blooded and may be slowed by cold attacks.


Message History

The wraith is severely damaged.
The wall freezes Josephine.
Casting: Freeze (safe; 1% risk of failure)
Confirm with . or Enter, or press ? or * to list all spells.
Aiming: Freeze (safe; 1% risk of failure)
Press: ? - help, Shift-Dir - straight line, f - Josephine, p - wraith
Aim: Josephine, wielding a +0 dagger and wearing a +0 robe (lightly wounded)
You freeze Josephine.
Josephine is lightly wounded.
The wraith resists.
The wall freezes the wraith.
The wall freezes Josephine.
Josephine hits you but does no damage.
You shoot a stone. The stone hits Josephine!
Josephine is moderately wounded.
The frozen ramparts melt away.
Josephine barely misses you.
The two-headed ogre hits you with a +0 giant club!!
The two-headed ogre misses you.
Casting: Freeze (safe; 1% risk of failure)
Confirm with . or Enter, or press ? or * to list all spells.
Casting: Frozen Ramparts (safe; 1% risk of failure)
Press: ? - help, Dir - look around, f - activate The walls around you are covered in ice.
The wall freezes Josephine!
Josephine hits you but does no damage.
The wraith resists.
The wall freezes the wraith.
The wall freezes the two-headed ogre!
The two-headed ogre hits you with a +0 giant club!
* * * LOW HITPOINT WARNING * * *
The two-headed ogre hits you with a +0 giant club.
* * * LOW HITPOINT WARNING * * *
A wraith comes into view.
The wall freezes Josephine.
Josephine hits you with a +0 dagger!
* * * LOW HITPOINT WARNING * * *
A wraith comes into view.
Okay, then.
As you read the scroll of teleportation, it crumbles to dust.
You feel strangely unstable.
The wraith resists.
The wall freezes the wraith.
The wall freezes Josephine.
Josephine hits you with a +0 dagger.
* * * LOW HITPOINT WARNING * * *
The wall freezes the two-headed ogre.
The two-headed ogre hits you with a +0 giant club!!
You die...

..<.. ..#. #.[..
..... #..W. WW
#.#W####..#
#.#.(..O..#
###.#(@## ..#
#....WO@##..####
#..............#
#..............#
###.#'#........#
#)#.#........#.
#.#.##.#.......
#.#.##...#####
#.#.###..#
#.#.###..#######


You could see Josephine, a two-headed ogre and 3 wraiths.

Vanquished Creatures
  Erolcha (D:11)
  A two-headed ogre (D:9)
  2 cyclopes
  A kobold demonologist (D:9)
  2 trolls
  2 hornets (D:9)
  2 wraiths (D:11)
  5 yaks (D:10)
  A steam dragon (D:9)
  3 water moccasins
  An acid dragon (D:9)
  2 sky beasts
  A hornet zombie (D:7)
  An ice beast (D:5)
  2 black bears (D:10)
  3 orc warriors
  2 necrophages
  4 ogres
  A centaur (D:10)
  6 kobold brigands
  2 bullfrogs (D:10)
  A gnoll sergeant (D:7)
  A scorpion (D:7)
  5 killer bees (D:9)
  5 howler monkeys
  A wight (D:7)
  A centaur skeleton (D:7)
  5 centaur zombies
  6 hounds
  A jelly (D:6)
  2 gnoll shamans
  9 orc priests
  A bullfrog skeleton (D:7)
  5 iguanas
  5 orc wizards
  A killer bee zombie (D:8)
  A howler monkey zombie (D:8)
  18 gnolls
  A howler monkey skeleton (D:7)
  7 adders
  A white imp (D:6)
  A worm (D:4)
  3 dart slugs
  19 orcs
  5 endoplasms
  4 giant cockroaches
  12 goblins
  11 hobgoblins
  17 jackals
  A quokka (D:3)
  8 ball pythons
  10 bats
  5 frilled lizards
  29 kobolds
  6 rats
253 creatures vanquished.

Vanquished Creatures (others)
  11 fungi (D:10)
  35 plants
46 creatures vanquished.

Grand Total: 299 creatures vanquished

Notes
Turn   | Place    | Note
-------+----------+-------------------------------------------
     0 | D:1      | tardwrangler69 the Draconian Ice Elementalist began the
                  | quest for the Orb.
     0 | D:1      | Reached XP level 1. HP: 14/14 MP: 3/3
   317 | D:1      | Reached XP level 2. HP: 18/20 MP: 0/5
   790 | D:1      | Found a faded altar of an unknown god.
  1330 | D:1      | Reached XP level 3. HP: 25/26 MP: 6/6
  1933 | D:2      | Reached skill level 5 in Ice Magic
  2073 | D:2      | Learned a level 3 spell: Frozen Ramparts
  2077 | D:2      | Learned a level 3 spell: Ozocubu's Armour
  2311 | D:2      | Reached XP level 4. HP: 12/33 MP: 1/8
  2897 | D:3      | Reached XP level 5. HP: 10/38 MP: 2/9
  3140 | D:3      | Reached skill level 6 in Ice Magic
  3542 | D:3      | Found an iron altar of Okawaru.
  4023 | D:3      | Reached XP level 6. HP: 35/45 MP: 3/11
  4151 | D:3      | Found Athrof's Assorted Antiques.
  4730 | D:4      | Reached skill level 7 in Ice Magic
  4866 | D:4      | Your scales start taking on an icy white colour.
  4866 | D:4      | Reached skill level 8 in Ice Magic
  4866 | D:4      | Reached XP level 7. HP: 44/50 MP: 4/13
  4866 | D:4      | Gained mutation: Your flesh is cold resistant. (rC+) [White
                  | Draconian growth]
  5328 | D:4      | Identified the +9 fustibalus of Jiqadyeq {venom, Str+3}
  5380 | D:4      | Reached skill level 9 in Ice Magic
  6028 | D:5      | Entered Level 5 of the Dungeon
  6195 | D:5      | Found a staircase to the Ecumenical Temple.
  6271 | D:5      | Found Riklywno's Assorted Antiques.
  6305 | Temple   | Entered the Ecumenical Temple
  6317 | Temple   | Became a worshipper of Vehumet
  6346 | D:5      | Reached skill level 5 in Spellcasting
  6346 | D:5      | Reached skill level 10 in Ice Magic
  6447 | D:5      | Bought a scroll labelled OFOTWA GOMNUJ for 25 gold pieces
  6447 | D:5      | Bought a scroll labelled HEVVYGUXIO for 25 gold pieces
  6447 | D:5      | Bought a scroll labelled HEVVYGUXIO for 25 gold pieces
  6513 | D:5      | Found Ucossud's Jewellery Emporium.
  6550 | D:5      | Found Qusich's General Store.
  6558 | D:5      | Reached XP level 8. HP: 56/57 MP: 15/15
  6658 | D:5      | Learned a level 4 spell: Hailstorm
  6670 | D:5      | Reached skill level 1 in Fighting
  6692 | D:5      | Reached skill level 1 in Conjurations
  7118 | D:6      | Reached * piety under Vehumet
  7118 | D:6      | Offered knowledge of Sandblast by Vehumet.
  7375 | D:6      | Noticed a cyclops
  7396 | D:6      | Killed a cyclops
  7700 | D:6      | Reached XP level 9. HP: 72/72 MP: 18/18
  7995 | D:6      | Reached skill level 5 in Fighting
  8083 | D:7      | Reached skill level 5 in Conjurations
  8817 | D:7      | Reached ** piety under Vehumet
  8922 | D:8      | Noticed Maurice
  9019 | D:8      | Noticed a troll
  9029 | D:8      | Killed a troll
  9029 | D:8      | Offered knowledge of Searing Ray by Vehumet.
  9361 | D:8      | Reached skill level 5 in Dodging
 10020 | D:9      | Reached XP level 10. HP: 51/83 MP: 12/19
 10021 | D:9      | Reached skill level 1 in Slings
 10077 | D:9      | Noticed a two-headed ogre
 10082 | D:9      | Killed a two-headed ogre
 10439 | D:9      | Offered knowledge of Ignite Poison by Vehumet.
 10494 | D:9      | Reached *** piety under Vehumet
 10853 | D:10     | Entered Level 10 of the Dungeon
 10948 | D:10     | Reached skill level 5 in Slings
 11199 | D:10     | You fall into a shaft and drop 2 floors!
 11200 | D:12     | Noticed a green ugly thing
 11201 | D:12     | Noticed a cyclops
 11202 | D:12     | Noticed a two-headed ogre
 11219 | D:11     | Found Tiytt's Antique Weapon Shop.
 11219 | D:11     | Noticed a cyclops
 11229 | D:11     | Killed a cyclops
 11230 | D:11     | Reached XP level 11. HP: 68/89 MP: 20/20
 11269 | D:11     | Noticed Erolcha
 11275 | D:11     | Killed Erolcha
 11275 | D:11     | Offered knowledge of Olgreb's Toxic Radiance by Vehumet.
 11277 | D:11     | Noticed a two-headed ogre
 11278 | D:11     | Noticed Josephine
 11283 | D:11     | Demolished by a two-headed ogre

Illustrated notes

Levels and vault maps discovered:
D:1:      ncdulo_watergridlock, layout_loops_cross, serial_bayou,
          serial_bayou_pond_a, serial_bayou_pond_c, serial_bayou_ford_a,
          serial_bayou_pond_a, serial_bayou_pond_d, serial_bayou_pond_d,
          basic_ecumenical_altar, serial_bayou_pond_a, st_stairs_1,
          hangedman_decor_opposing, nrook_mini_vaults, serial_park_tiny_pond
D:2:      layout_rooms, minmay_pentomino_w2
D:3:      cheibrodos_pilgrimage, layout_basic, okawaru_metal_pillars_1_2,
          serial_shops, nicolae_shop_stone
D:4:      layout_basic
D:5:      cheibrodos_thug_alley, layout_loops_cross,
          minmay_temple_entry_glassed_door, serial_shops, shop, shop,
          nicolae_shop_statue_plus, shop, grunt_ministairs_3
D:6:      layout_gridville
D:7:      layout_cave_pools, st_stairs_14, minmay_misc_feat_doors,
          grunt_ministairs_4
D:8:      layout_basic, uniq_maurice
D:9:      layout_basic
D:10:     layout_roguey, grunt_lair_entry_orc_guard_hut, david_orc_1_choice
D:11:     layout_basic, portal_ice_cave_demonic_guard, serial_shops,
          nicolae_shop_waterfront, uniq_josephine, uniq_erolcha
D:12:     minmay_four_partial_circles, layout_rooms,
          nicolae_hepliaklqana_monster_ancestors
Temple:   nicolae_temple_the_god_donut

Skill      XL: |  1  2  3  4  5  6  7  8  9 10 |
---------------+-------------------------------+-----
Ice Magic      | 5 6 8 10 | 10.3
Spellcasting   | 3 4 5 6 |  6.0
Fighting       | 4 6 |  6.0
Conjurations   | 4 6 |  6.0
Dodging        | 6 8 |  8.9
Slings         | 6 |  6.4
Stealth        | |  1.7

Action                   |  1- 3 |  4- 6 |  7- 9 | 10-12 || total
-------------------------+-------+-------+-------+-------++-------
Melee: Unarmed           |    18 |       |       |       ||    18
       Tailslap          |     6 |     4 |       |       ||    10
       Dagger            |    63 |       |       |       ||    63
       Whip              |       |    56 |     2 |     7 ||    65
 Fire: Fustibalus        |       |       |   251 |   111 ||   362
 Cast: Freeze            |    58 |    61 |    21 |     9 ||   149
       Frozen Ramparts   |     1 |     5 |    20 |    12 ||    38
       Ozocubu's Armour  |       |     5 |    21 |    11 ||    37
  Use: Scroll            |       |       |     8 |     3 ||    11
 Stab: Sleeping          |     4 |     2 |       |       ||     6
       Distracted        |     1 |     1 |       |       ||     2
Armor: Skin              |    50 |    44 |    75 |    25 ||   194
Dodge: Dodged            |    94 |    85 |   113 |    22 ||   314

Table legend: (Time is in decaauts)
 A = Elapsed time spent in this place.
 B = Non-inter-level travel time spent in this place.
 C = Inter-level travel time spent in this place.
 D = Time resting spent in this place.
 E = Time spent auto-exploring this place.
 F = Levels seen in this place.
 G = Mean time per level.
                   A        B        C        D        E       F      G
               +--------+--------+--------+--------+--------+-----+--------+
         Total |  11451 |  10734 |    717 |    445 |   8582 |  13 |  880.8 |
       Dungeon |  11435 |  10722 |    713 |    445 |   8576 |  12 |  952.9 |
        Temple |     16 |     12 |      4 |      0 |      6 |   1 |   16.0 |
               +--------+--------+--------+--------+--------+-----+--------+

Top non-repeatable levels by time:
     D:1: 1945 daAuts
     D:3: 1565 daAuts
     D:4: 1411 daAuts
     D:2: 1232 daAuts
     D:8: 1124 daAuts
     D:5: 992 daAuts
     D:6: 975 daAuts
     D:7: 898 daAuts
     D:9: 848 daAuts
    D:10: 353 daAuts
    D:11: 68 daAuts
    D:12: 19 daAuts
  Temple: 16 daAuts
